 Dungeon Crawl Stone Soup version 0.30-a0-364-gf6b3ef1049 (webtiles) character file.

Game seed: 14636381959432640310

5311 koil the Grappler (level 10, -13/102 HPs)
             Began as a Troll Berserker on Nov 15, 2022.
             Was an Elder of Trog.
             Mangled by a hornet (15 damage)
             ... on level 9 of the Dungeon.
             The game lasted 00:26:34 (7384 turns).

koil the Grappler (Troll Berserker)                 Turns: 7384, Time: 00:26:35

Health: -13/102    AC:  4    Str: 31    XL:     10   Next: 37%
Magic:  9/9        EV: 11    Int: 11    God:    Trog [****..]
Gold:   576        SH:  0    Dex:  9    Spells: 9/9 levels left

rFire   . . .      SeeInvis .      - Unarmed
rCold   . . .      Faith    .    (no shield)
rNeg    . . .      Spirit   .    a - +0 animal skin
rPois   .          Reflect  .    (helmet restricted)
rElec   .          Harm     .    (no cloak)
rCorr   .          Rampage  .    (gloves unavailable)
Will    +....                    (boots unavailable)
Stlth   +.........               x - amulet of regeneration
HPRegen 1.97/turn                q - ring of Zuix {Will+ Int+2}
MPRegen 0.11/turn                i - +6 ring of intelligence

@: mighty, lethally poisoned (-13 -> -14), slowed, very slow
A: large, unfitting armour, claws 3, regeneration 1, shaggy fur 1, tough skin 1
a: Renounce Religion, Berserk, Trog's Hand, Brothers in Arms


You were on level 9 of the Dungeon.
You worshipped Trog.
Trog was greatly pleased with you.
You visited 2 branches of the dungeon, and saw 10 of its levels.
You also visited: Ossuary.

You collected 701 gold pieces.
You spent 125 gold pieces at shops.

Inventory:

Hand Weapons
 p - a +2 shortbow of flaming
 s - a +1 dagger of venom
 v - a +3 shortbow
Missiles
 j - 5 poisoned darts (quivered)
 t - a throwing net {!f}
 C - a curare-tipped dart {!f}
Armour
 a - a +0 animal skin (worn)
Jewellery
 i - a +6 ring of intelligence (right claw)
 q - the ring of Zuix (left claw) {Will+ Int+2}
   (You bought it in a shop on level 3 of the Dungeon)

   [ring of willpower]

   Int:       It affects your intelligence (+2).
   Will:      It increases your willpower.
 x - an amulet of regeneration (around neck)
 y - a ring of positive energy
Wands
 B - a wand of flame (16)
 D - a wand of mindburst (7)
Scrolls
 k - a scroll of magic mapping
 m - a scroll of fear
 o - 4 scrolls of teleportation
 r - 2 scrolls of blinking
 u - a scroll of vulnerability
Potions
 b - a potion of degeneration {unknown}
 c - 3 potions of mutation
 d - a potion of lignification {unknown}
 e - 6 potions of curing
 f - 2 potions of attraction
 g - a potion of might
 h - 4 potions of flight
 l - 5 potions of resistance
 n - 2 potions of haste {unknown}
 w - a potion of magic {unknown}
 A - a potion of berserk rage {unknown}


   Skills:
 + Level 7.0 Fighting
 + Level 6.4 Armour
 + Level 6.9 Dodging
 + Level 8.3 Unarmed Combat


You had 9 spell levels left.
You didn't know any spells.
Your spell library was empty.

Dungeon Overview and Level Annotations

Branches:
Dungeon (9/15)             Temple (1/1) D:4         Ossuary (visited)
   Lair: D:8-11         Orc: D:9-12

Altars:
Ashenzari
Cheibriados
Elyvilon
Makhleb
Nemelex Xobeh
Ru
Xom
Yredelemnul
Zin

Shops:
D:3 *


Innate Abilities, Weirdness & Mutations

You are too large for most types of armour.
You have claws for hands.
Your natural rate of healing is unusually fast.
You are covered in fur. (AC +1)
You have tough skin. (AC +1)


Message History

* * * LOW HITPOINT WARNING * * *
You feel as though you will be slow longer.
You feel much better.
You feel extremely sick. The hornet closely misses you. The hornet stings you!
* * * LOW HITPOINT WARNING * * *
You feel as though you will be slow longer.
The hornet completely misses you.
You feel better. The hornet misses you. The hornet stings you!
* * * LOW HITPOINT WARNING * * *
You suddenly lose the ability to move!
You can move again.
You feel much better. The hornet stings you!
* * * LOW HITPOINT WARNING * * *
You are poisoned.
You feel as though you will be slow longer.
The hornet misses you.
You feel very mighty all of a sudden.
You feel very sick. The hornet stings you!
* * * LOW HITPOINT WARNING * * *
You feel as though you will be slow longer.
The hornet stings you!
* * * LOW HITPOINT WARNING * * *
You feel as though you will be slow longer.
You feel much better.
You feel sick.
The hornet stings you but does no damage.
The hornet stings you!
* * * LOW HITPOINT WARNING * * *
You feel as though you will be slow longer.
The hornet barely misses you.
You claw the hornet!
The hornet is heavily wounded.
You feel sick. The hornet stings you!
* * * LOW HITPOINT WARNING * * *
You feel as though you will be slow longer.
You closely miss the hornet.
The hornet is heavily wounded.
You feel sick. The hornet stings you!
You die...

#.........<
###........#
##>.........#
#...........#
#....)).....#
##...)))....#
#...)).....#
#.....y....#
##....@....#
##.^......#
##.....#..#
#...<..#..#
##>.###.###
#### ..# ...#
...# ..


You could see a hornet.

Vanquished Creatures
  A two-headed ogre (D:8)
  The ghost of hikkokomori the Destroyer, a novice TeCj of Vehumet (D:5)
  Menkaure (D:5)
  Duvessa (D:7)
  2 water moccasins
  5 ice beasts
  A sky beast (D:7)
  2 black bears
  2 ogres
  7 centaurs
  2 phantoms
  A kobold brigand (D:8)
  3 bullfrogs
  2 necrophages
  A scorpion (D:6)
  12 wights (D:7)
  Dowan (D:7)
  5 killer bees (D:7)
  An electric eel (D:8)
  3 howler monkeys (D:8)
  A centaur zombie (D:5)
  A bullfrog zombie (D:5)
  3 hounds
  4 orc priests
  An iguana (D:7)
  9 orc wizards
  8 mummies (Ossuary)
  10 adders
  4 gnolls (D:8)
  A shadow imp (D:8)
  2 white imps
  3 ufetubi
  A worm (D:5)
  3 dart slugs
  31 orcs
  6 ball pythons
  4 bats
  8 endoplasms
  A giant cockroach (D:4)
  3 goblins
  6 hobgoblins
  4 jackals (D:1)
  5 quokkas
  4 frilled lizards
  A gnoll zombie (Ossuary)
  3 hobgoblin zombies (Ossuary)
  11 kobolds
  2 kobold zombies (Ossuary)
  2 orc zombies (Ossuary)
  7 rats
203 creatures vanquished.

Notes
Turn   | Place    | Note
-------+----------+-------------------------------------------
     0 | D:1      | koil the Troll Berserker began the quest for the Orb.
     0 | D:1      | Reached XP level 1. HP: 22/22 MP: 0/0
   199 | D:1      | Reached XP level 2. HP: 29/29 MP: 1/1
   711 | D:1      | Reached ** piety under Trog
   831 | D:2      | Reached XP level 3. HP: 36/36 MP: 2/2
  1069 | D:2      | Reached skill level 1 in Armour
  1269 | D:2      | Found a sacrificial altar of Ru.
  1402 | D:3      | Found a glowing silver altar of Zin.
  1402 | D:3      | Found a shimmering altar of Xom.
  1402 | D:3      | Noticed an angel
  1408 | D:3      | Reached XP level 4. HP: 44/44 MP: 3/3
  1650 | D:3      | Noticed an ice beast
  1660 | D:3      | Killed an ice beast
  1661 | D:3      | Reached skill level 4 in Unarmed Combat
  1661 | D:3      | Reached XP level 5. HP: 49/53 MP: 4/4
  1690 | D:3      | Found Sooshie's Assorted Antiques.
  2032 | D:3      | Found a faded altar of an unknown god.
  2210 | D:3      | Bought a warped iron ring for 125 gold pieces
  2210 | D:3      | Identified the ring of Zuix {Will+ Int+2} (You bought it in
                  | a shop on level 3 of the Dungeon)
  2406 | D:4      | Noticed a black bear
  2409 | D:4      | Killed a black bear
  2410 | D:4      | Reached XP level 6. HP: 58/61 MP: 5/5
  2498 | D:4      | Found a staircase to the Ecumenical Temple.
  2923 | D:4      | Reached *** piety under Trog
  3298 | Temple   | Entered the Ecumenical Temple
  3314 | D:5      | Entered Level 5 of the Dungeon
  3325 | D:5      | Noticed Menkaure
  3333 | D:5      | Killed Menkaure
  3334 | D:5      | Reached XP level 7. HP: 70/70 MP: 6/6
  3557 | D:5      | Found a runed translucent gate.
  3557 | D:5      | Found a runed translucent gate.
  3557 | D:5      | Found a runed translucent gate.
  3557 | D:5      | Noticed hikkokomori's ghost (novice TeCj)
  3559 | D:5      | Found a basalt altar of Yredelemnul.
  3574 | D:5      | Reached skill level 5 in Unarmed Combat
  3718 | D:5      | HP: 13/71 [ogre/+0 giant spiked club (28)]
  3723 | D:5      | HP: 7/106 [ogre/+0 giant spiked club (18)]
  3728 | D:5      | HP: 9/106 [hound (1)]
  3824 | D:5      | Reached XP level 8. HP: 73/77 MP: 7/7
  4033 | D:5      | Killed hikkokomori's ghost
  4034 | D:5      | Reached skill level 5 in Fighting
  4034 | D:5      | Reached skill level 6 in Unarmed Combat
  4040 | D:5      | Reached skill level 5 in Dodging
  4203 | D:6      | Found a sand-covered staircase.
  4207 | Ossuary  | Entered an ossuary
  4650 | D:6      | Reached XP level 9. HP: 56/88 MP: 8/8
  5608 | D:6      | HP: 23/133 [centaur (4)]
  5610 | D:6      | Reached skill level 5 in Armour
  5611 | D:6      | HP: 7/89 [centaur (2)]
  5613 | D:6      | Reached skill level 7 in Unarmed Combat
  5720 | D:7      | Reached **** piety under Trog
  6153 | D:7      | Noticed Dowan
  6163 | D:7      | Noticed Duvessa
  6169 | D:7      | Killed Duvessa
  6171 | D:7      | Killed Dowan
  6354 | D:7      | Reached XP level 10. HP: 92/100 MP: 9/9
  6530 | D:8      | Noticed a two-headed ogre
  6562 | D:8      | Killed a two-headed ogre
  6563 | D:8      | Reached skill level 8 in Unarmed Combat
  7037 | D:8      | Found a white marble altar of Elyvilon.
  7037 | D:8      | Found a sparkling altar of Nemelex Xobeh.
  7324 | D:9      | Reached ***** piety under Trog
  7373 | D:9      | Paralysed by a hornet for 2 turns
  7377 | D:9      | HP: 10/102 [hornet (15)]
  7379 | D:9      | Paralysed by a hornet for 1 turns
  7381 | D:9      | HP: 2/102 [hornet (11)]
  7384 | D:9      | Mangled by a hornet

Illustrated notes

Levels and vault maps discovered:
D:1:      lightli_molten_gateway, layout_basic, chequers_serial_rivers_micro_a
D:2:      layout_loops_cross, basic_altar, minmay_curled_crystal
D:3:      layout_loops_ring, grunt_temple_overflow_order_and_chaos_1,
          dreamdust_ecumenical_altar_hidden_monk_grotto, serial_shops,
          nicolae_shop_behind_doors
D:4:      layout_basic, minmay_temple_entry_stoned_glass
D:5:      layout_rooms, nicolae_yredelemnul_ghost_church,
          minmay_splitting_lines, kennysheep_generic_room_5, uniq_menkaure
D:6:      layout_loops_cross, enter_ossuary_5, centaur_isle
D:7:      minmay_evil_eye, layout_loops_cross, nicolae_figureground_sparkle,
          uniq_duvessa
D:8:      layout_gridville, nicolae_overflow_two_pavilions
D:9:      gammafunk_indiana_jones, layout_cave_pools,
          mainiacjoe_overflow_large_starburst
Temple:   nicolae_temple_bog_church

Skill      XL: |  1  2  3  4  5  6  7  8  9 10 |
---------------+-------------------------------+-----
Armour         | 1 2 3 4 5 6 |  6.4
Fighting       | 3 4 5 6 7 |  7.0
Dodging        | 3 4 5 6 |  6.9
Unarmed Combat | 4 5 6 7 8 |  8.3

Action                   |  1- 3 |  4- 6 |  7- 9 | 10-12 || total
-------------------------+-------+-------+-------+-------++-------
Melee: Unarmed           |    84 |    96 |   267 |   130 ||   577
       Punch             |     2 |     4 |     7 |     4 ||    17
Invok: Berserk           |       |     2 |     7 |     2 ||    11
       Trog's Hand       |       |       |       |     1 ||     1
Evoke: Wand              |       |       |       |     1 ||     1
  Use: Scroll            |       |       |    16 |       ||    16
       Potion            |       |       |       |     6 ||     6
 Stab: Sleeping          |     2 |       |       |       ||     2
Armor: Animal skin       |    22 |    21 |    85 |    52 ||   180
Dodge: Dodged            |    36 |    42 |   187 |    73 ||   338

Table legend: (Time is in decaauts)
 A = Elapsed time spent in this place.
 B = Non-inter-level travel time spent in this place.
 C = Inter-level travel time spent in this place.
 D = Time resting spent in this place.
 E = Time spent auto-exploring this place.
 F = Levels seen in this place.
 G = Mean time per level.
                   A        B        C        D        E       F      G
               +--------+--------+--------+--------+--------+-----+--------+
         Total |   7422 |   7086 |    336 |    816 |   4486 |  11 |  674.7 |
       Dungeon |   7081 |   6745 |    336 |    714 |   4381 |   9 |  786.8 |
        Temple |      3 |      3 |      0 |      0 |      0 |   1 |    3.0 |
       Ossuary |    337 |    337 |      0 |    101 |    105 |   1 |  337.0 |
               +--------+--------+--------+--------+--------+-----+--------+

Top non-repeatable levels by time:
     D:6: 1256 daAuts
     D:3: 1074 daAuts
     D:4: 900 daAuts
     D:7: 855 daAuts
     D:5: 826 daAuts
     D:1: 806 daAuts
     D:8: 733 daAuts
     D:2: 526 daAuts
 Ossuary: 337 daAuts
     D:9: 101 daAuts
  Temple: 3 daAuts
